 Dungeon Crawl Stone Soup version 0.30-a0-263-ge22c4ad894 (webtiles) character file.

Game seed: 807723480290646931

41 sscrono2 the Sneak (level 3, -4/26 HPs)
             Began as an Octopode Delver on Oct 13, 2022.
             Slain by an orc
             ... wielding a +0 falchion
              (6 damage)
             ... on level 5 of the Dungeon.
             The game lasted 00:00:42 (411 turns).

sscrono2 the Sneak (Octopode Delver)                 Turns: 411, Time: 00:00:43

Health: -4/26      AC:  1    Str: 13    XL:     3   Next: 52%
Magic:  3/3        EV: 13    Int: 12    God:
Gold:   16         SH:  0    Dex: 13    Spells: 2/2 levels left

rFire   . . .      SeeInvis .      - Unarmed
rCold   . . .      Faith    .    (no shield)
rNeg    . . .      Spirit   .    (helmet restricted)
rPois   .          Reflect  .    (no amulet)
rElec   .          Harm     .    (no ring)
rCorr   .          Rampage  .    (no ring)
Will    .....                    (no ring)
Stlth   ++++......               (no ring)
HPRegen 0.24/turn                (no ring)
MPRegen 0.08/turn                (no ring)
                                 (no ring)
                                 (no ring)

@: no status effects
A: almost no armour, amphibious, 8 rings, camouflage 1, gelatinous body 1,
(nimble swimmer 1), tentacles
a: no special abilities


You were on level 5 of the Dungeon.
You visited 1 branch of the dungeon, and saw 2 of its levels.

You collected 16 gold pieces.

Inventory:

Wands
 e - a wand of digging (3)
Scrolls
 a - a scroll of fog
 b - a scroll of magic mapping
 c - a scroll of fear
 f - a scroll of enchant weapon {unknown}
 g - a scroll of summoning {unknown}
 h - a scroll of teleportation {unknown}
 i - a scroll of identify {unknown}
Potions
 d - 2 potions of haste


   Skills:
 - Level 3.0 Fighting
 - Level 2.0 Dodging
 - Level 6.6 Stealth
 + Level 3.8 Unarmed Combat


You had 2 spell levels left.
You didn't know any spells.
Your spell library was empty.

Dungeon Overview and Level Annotations

Branches:
Dungeon (5/15)
 Temple: D:4-7

Altars:
Sif Muna

Annotations:
D:4 Blork the orc


Innate Abilities, Weirdness & Mutations

You cannot wear most types of armour.
You are amphibious.
You can wear up to eight rings at the same time.
Your skin changes colour to match your surroundings (Stealth+).
Your rubbery body absorbs attacks. (AC +1, EV +1)
((You are camouflaged when in or above water. (Stealth+)))
You have tentacles for arms and can constrict up to eight enemies at once.


Message History

You have reached level 2!
You have reached level 3!
Your experience leads to an increase in your attributes!
Increase (S)trength, (I)ntelligence, or (D)exterity?
You feel stronger. x2
You completely miss the orc. You grab the orc. You squeeze the orc!
You kill the orc!
The orc shouts!
You tentacle-slap the orc but do no damage.
You grab the orc. You constrict the orc. The orc hits you with a +0 hand axe.
The orc shouts!
You tentacle-slap the orc. You squeeze the orc.
You kill the orc!
The orc hits you with a +0 short sword.
Things that are here:
a +0 hand axe; a +0 leather armour You barely miss the orc.
Your grab misses the orc. The orc barely misses you.
You tentacle-slap the orc but do no damage.
You grab the orc. You constrict the orc.
You tentacle-slap the orc but do no damage.
The orc is moderately wounded.
You constrict the orc. The orc hits you with a +0 short sword.
You tentacle-slap the orc.
You kill the orc!
The orc throws a boomerang.
The boomerang closely misses you.
The orc throws a boomerang.
The boomerang hits you.
* * * LOW HITPOINT WARNING * * *
The orc hits you with a +0 hand axe.
* * * LOW HITPOINT WARNING * * *
Things that are here:
a +0 short sword; a +0 ring mail; an orc corpse You tentacle-slap the orc.
You grab the orc. You squeeze the orc.
The orc is almost dead.
You constrict the orc.
You kill the orc!
You tentacle-slap the orc. You grab the orc.
The orc is severely wounded.
You constrict the orc, but do no damage.
The orc hits you with a +0 falchion.
You die...

........#..# ......
...........### ######
...........).#
.......>.....# #.#######
#######......# #........
#.........##############..
#......................'..
#.#######o#..........###..
# #@#..........#....
#)#..........#....
#.#..........#....
#.#..........#....
#.#..........#....
##.#..........#....
#..'.......########
####....##.# #...
#######.# #.##


You could see an orc.

Vanquished Creatures
  A hound (D:5)
  A worm (D:5)
  4 orcs (D:5)
6 creatures vanquished.

Notes
Turn   | Place    | Note
-------+----------+-------------------------------------------
     0 | D:5      | sscrono2 the Octopode Delver began the quest for the Orb.
     0 | D:5      | Reached XP level 1. HP: 16/16 MP: 1/1
    70 | D:4      | Noticed Blork the orc
    70 | D:4      | Noticed a scorpion
    70 | D:4      | Noticed an iguana
    70 | D:4      | Noticed an iguana
   269 | D:5      | Found a shimmering blue altar of Sif Muna.
   378 | D:5      | Noticed a hound
   391 | D:5      | Killed a hound
   392 | D:5      | Reached XP level 2. HP: 12/21 MP: 2/2
   392 | D:5      | Reached XP level 3. HP: 14/26 MP: 3/3
   411 | D:5      | Slain by an orc

Illustrated notes

Levels and vault maps discovered:
D:4:      layout_rooms, uniq_blork_the_orc, uniq_robin
D:5:      layout_basic, mainiacjoe_overflow_small_starburst, nicolae_titane

Skill      XL: |  1 |
---------------+----+-----
Unarmed Combat | 3 |  3.8
Fighting       | |  3.0
Dodging        | |  2.0
Stealth        | |  6.6

Action                   || total
-------------------------++-------
Melee: Unarmed           ||    17
       Tentacles         ||     6
       Constrict         ||     7
Dodge: Dodged            ||     4

Table legend: (Time is in decaauts)
 A = Elapsed time spent in this place.
 B = Non-inter-level travel time spent in this place.
 C = Inter-level travel time spent in this place.
 D = Time resting spent in this place.
 E = Time spent auto-exploring this place.
 F = Levels seen in this place.
 G = Mean time per level.
                   A        B        C        D        E       F      G
               +--------+--------+--------+--------+--------+-----+--------+
         Total |    410 |    406 |      4 |     55 |    297 |   2 |  205.0 |
       Dungeon |    410 |    406 |      4 |     55 |    297 |   2 |  205.0 |
               +--------+--------+--------+--------+--------+-----+--------+

Top non-repeatable levels by time:
     D:5: 408 daAuts
     D:4: 1 daAuts
